[ PARTIDA AOE2 · #467343979 ]
UnrankedJaponeses vs Magyars
[ ANÁLISIS DE REPETICIÓN · EXTRAÍDO DE LA PARTIDA GRABADA ]
Feudal
—
Castillos
—
Imperial
—
| APM promedio | 34.0 |
| APM pico | 48 |
| eAPM promedio | 25.7 |
| Aldeanos / militares | 20 / 16 |
Foco
⚔️ 37.0% · 🌾 63.0%
Militia ×16
Feudal
—
Castillos
—
Imperial
—
| APM promedio | 38.4 |
| APM pico | 54 |
| eAPM promedio | 22.9 |
| Aldeanos / militares | 9 / 12 |
Foco
⚔️ 34.2% · 🌾 65.8%
Archer ×12
Feudal
—
Castillos
—
Imperial
—
| APM promedio | 68.9 |
| APM pico | 97 |
| eAPM promedio | 23.3 |
| Aldeanos / militares | 35 / 39 |
Foco
⚔️ 50.7% · 🌾 49.3%
Scout Cavalry ×39
Feudal
—
Castillos
—
Imperial
—
| APM promedio | 38.2 |
| APM pico | 57 |
| eAPM promedio | 14.1 |
| Aldeanos / militares | 8 / 19 |
Foco
⚔️ 36.2% · 🌾 63.8%
Militia ×19
Feudal
—
Castillos
—
Imperial
—
| APM promedio | 34.8 |
| APM pico | 64 |
| eAPM promedio | 10.9 |
| Aldeanos / militares | 13 / 10 |
Foco
⚔️ 28.6% · 🌾 71.4%
Spearman ×7 · Scout Cavalry ×3
Feudal
—
Castillos
—
Imperial
—
| APM promedio | 34.8 |
| APM pico | 46 |
| eAPM promedio | 24.6 |
| Aldeanos / militares | 19 / 52 |
Foco
⚔️ 56.8% · 🌾 43.2%
Militia ×52
Mapa de la partida
Recursos iniciales + cada clic de construcción. Líneas = muros · curvas = relieve. ◆ oro · ⬟ piedra · ● bayas · ✦ reliquia · ◌ hueco del cierre
Tu base
Base de GranateCampeón
Base de Terminally Chill
Base de Mate I'm Still Pinging
Base de ektum_inside
Base de Poster3542
Terreno inicial suavizado · ◌ = hueco del cierre detectado · pasá el cursor para detalles
Inputs por minuto
— Listiger RATIO - - GranateCampeón
Build order — Listiger RATIO
53 acciones detectadas en el replay
| 0:01 | Crear | Villager (Male) |
| 0:02 | Crear | Villager (Male) |
| 0:20 | Construir | House |
| 0:23 | Construir | House |
| 0:45 | Crear | Villager (Male) |
| 0:46 | Crear | Villager (Male) |
| 0:51 | Crear | Villager (Male) |
| 0:51 | Crear | Villager (Male) |
| 0:51 | Crear | Villager (Male) |
| 1:07 | Crear | Villager (Male) |
| 1:24 | Crear | Villager (Male) |
| 1:24 | Crear | Villager (Male) |
| 1:49 | Construir | Barracks |
| 1:59 | Construir | Barracks |
| 2:02 | Investigar | Man-at-Arms (upgrade) |
| 2:02 | Crear | Militia |
| 2:06 | Investigar | Double-Bit Axe |
| 2:41 | Crear | Villager (Male) |
| 2:57 | Crear | Militia |
| 2:57 | Crear | Militia |
| 3:00 | Crear | Villager (Male) |
| 3:05 | Construir | Mill |
| 3:10 | Crear | Militia |
| 3:20 | Crear | Militia |
| 3:22 | Construir | House |
| 3:24 | Construir | House |
| 3:34 | Crear | Militia |
| 3:36 | Construir | House |
| 3:45 | Crear | Militia |
| 3:59 | Crear | Militia |
| 4:00 | Crear | Militia |
| 4:02 | Crear | Villager (Male) |
| 4:03 | Construir | Barracks |
| 4:20 | Crear | Villager (Male) |
| 4:29 | Crear | Militia |
| 4:29 | Crear | Militia |
| 5:01 | Crear | Villager (Male) |
| 5:06 | Construir | Outpost |
| 5:07 | Crear | Villager (Male) |
| 5:15 | Construir | Mill |
| 5:21 | Crear | Militia |
| 5:33 | Crear | Militia |
| 5:33 | Crear | Militia |
| 5:48 | Crear | Villager (Male) |
| 5:52 | Crear | Militia |
| 5:52 | Crear | Militia |
| 6:04 | Construir | House |
| 6:13 | Construir | House |
| 6:24 | Construir | House |
| 6:25 | Crear | Villager (Male) |
| 6:25 | Crear | Villager (Male) |
| 6:26 | Crear | Villager (Male) |
| 6:28 | Construir | House |
Build order — GranateCampeón
62 acciones detectadas en el replay
| 0:05 | Crear | Villager (Male) |
| 0:08 | Investigar | Double-Bit Axe |
| 0:20 | Crear | Villager (Male) |
| 0:38 | Construir | Watch Tower |
| 0:47 | Crear | Villager (Male) |
| 0:59 | Construir | Outpost |
| 1:04 | Investigar | Town Watch |
| 1:09 | Crear | Villager (Male) |
| 1:26 | Construir | House |
| 1:30 | Crear | Villager (Male) |
| 1:35 | Construir | Palisade Wall |
| 1:36 | Construir | Palisade Wall |
| 1:37 | Construir | Palisade Wall |
| 1:43 | Construir | Palisade Wall |
| 1:56 | Construir | Stone Wall |
| 2:06 | Crear | Villager (Male) |
| 2:19 | Construir | House |
| 2:24 | Construir | House |
| 2:59 | Construir | Archery Range |
| 3:06 | Crear | Villager (Male) |
| 3:28 | Construir | House |
| 3:36 | Construir | Archery Range |
| 3:37 | Construir | Archery Range |
| 3:38 | Crear | Archer |
| 3:38 | Crear | Archer |
| 3:42 | Investigar | Fletching |
| 3:42 | Investigar | Padded Archer Armor |
| 3:43 | Investigar | Fletching |
| 3:43 | Investigar | Padded Archer Armor |
| 3:43 | Investigar | Fletching |
| 3:48 | Construir | House |
| 3:54 | Construir | House |
| 3:56 | Construir | Stone Wall |
| 4:02 | Construir | House |
| 4:05 | Construir | House |
| 4:07 | Construir | House |
| 4:11 | Construir | Gate |
| 4:15 | Construir | House |
| 4:17 | Crear | Archer |
| 4:17 | Crear | Archer |
| 4:30 | Construir | Outpost |
| 4:46 | Crear | Archer |
| 4:46 | Crear | Archer |
| 4:56 | Crear | Archer |
| 4:56 | Crear | Archer |
| 5:06 | Construir | Blacksmith |
| 5:13 | Crear | Archer |
| 5:13 | Crear | Archer |
| 5:37 | Construir | Farm |
| 5:37 | Construir | Farm |
| 5:37 | Construir | Farm |
| 5:38 | Construir | Farm |
| 5:38 | Construir | Farm |
| 6:05 | Crear | Archer |
| 6:05 | Crear | Archer |
| 6:08 | Construir | Stone Wall |
| 6:13 | Investigar | Padded Archer Armor |
| 6:13 | Investigar | Padded Archer Armor |
| 6:14 | Investigar | Padded Archer Armor |
| 6:24 | Crear | Villager (Male) |
| 6:24 | Crear | Villager (Male) |
| 6:26 | Construir | Mill |
Build order — Terminally Chill
89 acciones detectadas en el replay
| 0:01 | Crear | Villager (Male) |
| 0:01 | Crear | Villager (Male) |
| 0:04 | Construir | House |
| 0:20 | Crear | Villager (Male) |
| 0:20 | Crear | Villager (Male) |
| 0:36 | Crear | Villager (Male) |
| 0:36 | Crear | Villager (Male) |
| 0:48 | Crear | Villager (Male) |
| 0:48 | Crear | Villager (Male) |
| 0:48 | Crear | Villager (Male) |
| 1:00 | Construir | Mill |
| 1:04 | Construir | Stable |
| 1:06 | Construir | House |
| 1:29 | Investigar | Scale Barding Armor |
| 1:29 | Investigar | Scale Barding Armor |
| 1:31 | Crear | Villager (Male) |
| 1:31 | Crear | Villager (Male) |
| 1:39 | Construir | Mill |
| 1:45 | Crear | Scout Cavalry |
| 1:45 | Crear | Scout Cavalry |
| 2:00 | Crear | Villager (Male) |
| 2:01 | Crear | Villager (Male) |
| 2:06 | Crear | Villager (Male) |
| 2:06 | Crear | Villager (Male) |
| 2:21 | Crear | Scout Cavalry |
| 2:21 | Crear | Scout Cavalry |
| 2:21 | Crear | Scout Cavalry |
| 2:35 | Crear | Villager (Male) |
| 2:35 | Crear | Villager (Male) |
| 2:42 | Crear | Scout Cavalry |
| 2:42 | Crear | Scout Cavalry |
| 2:42 | Crear | Scout Cavalry |
| 2:53 | Crear | Scout Cavalry |
| 2:53 | Crear | Scout Cavalry |
| 3:01 | Crear | Scout Cavalry |
| 3:01 | Crear | Scout Cavalry |
| 3:01 | Crear | Scout Cavalry |
| 3:20 | Crear | Scout Cavalry |
| 3:20 | Crear | Scout Cavalry |
| 3:21 | Crear | Scout Cavalry |
| 3:26 | Construir | Stable |
| 3:32 | Crear | Scout Cavalry |
| 3:32 | Crear | Scout Cavalry |
| 3:50 | Crear | Villager (Male) |
| 3:50 | Crear | Villager (Male) |
| 3:50 | Crear | Villager (Male) |
| 3:55 | Crear | Villager (Male) |
| 3:55 | Crear | Villager (Male) |
| 4:05 | Construir | House |
| 4:07 | Construir | House |
| 4:09 | Crear | Villager (Male) |
| 4:10 | Crear | Villager (Male) |
| 4:16 | Crear | Villager (Male) |
| 4:17 | Crear | Villager (Male) |
| 4:21 | Crear | Scout Cavalry |
| 4:21 | Crear | Scout Cavalry |
| 4:28 | Crear | Villager (Male) |
| 4:28 | Crear | Villager (Male) |
| 4:28 | Crear | Villager (Male) |
| 4:34 | Construir | Mill |
| 4:44 | Crear | Scout Cavalry |
| 4:44 | Crear | Scout Cavalry |
| 4:57 | Crear | Scout Cavalry |
| 4:57 | Crear | Scout Cavalry |
| 5:07 | Crear | Scout Cavalry |
| 5:07 | Crear | Scout Cavalry |
| 5:16 | Crear | Scout Cavalry |
| 5:17 | Crear | Scout Cavalry |
| 5:17 | Crear | Scout Cavalry |
| 5:26 | Crear | Scout Cavalry |
| 5:27 | Crear | Scout Cavalry |
| 5:27 | Crear | Scout Cavalry |
| 5:49 | Construir | House |
| 5:57 | Construir | House |
| 6:01 | Crear | Scout Cavalry |
| 6:01 | Crear | Scout Cavalry |
| 6:01 | Crear | Scout Cavalry |
| 6:01 | Crear | Scout Cavalry |
| 6:26 | Crear | Scout Cavalry |
| 6:26 | Crear | Scout Cavalry |
| 6:27 | Crear | Scout Cavalry |
| 6:42 | Crear | Villager (Male) |
| 6:42 | Crear | Villager (Male) |
| 6:42 | Crear | Villager (Male) |
| 6:46 | Construir | House |
| 6:49 | Construir | Farm |
| 6:49 | Crear | Villager (Male) |
| 6:50 | Crear | Villager (Male) |
| 6:50 | Crear | Villager (Male) |
Build order — Mate I'm Still Pinging
36 acciones detectadas en el replay
| 0:04 | Crear | Villager (Male) |
| 0:07 | Crear | Militia |
| 0:07 | Crear | Militia |
| 0:07 | Crear | Militia |
| 0:08 | Crear | Militia |
| 0:17 | Construir | House |
| 0:21 | Construir | House |
| 0:33 | Investigar | Scale Mail Armor |
| 0:59 | Investigar | Gold Mining |
| 1:04 | Crear | Militia |
| 1:04 | Crear | Militia |
| 1:08 | Construir | Barracks |
| 1:10 | Crear | Militia |
| 1:24 | Construir | House |
| 2:15 | Crear | Militia ×5 |
| 3:00 | Investigar | Arson |
| 3:27 | Construir | Farm |
| 3:27 | Construir | Farm |
| 3:27 | Construir | Farm |
| 3:28 | Construir | Farm |
| 3:28 | Construir | Farm |
| 3:28 | Construir | Farm |
| 3:32 | Crear | Villager (Male) |
| 3:35 | Crear | Villager (Male) |
| 4:07 | Crear | Militia ×5 |
| 4:53 | Crear | Militia |
| 4:53 | Crear | Militia |
| 5:16 | Crear | Villager (Male) |
| 5:16 | Crear | Villager (Male) |
| 5:23 | Construir | House |
| 5:47 | Investigar | Forging |
| 6:25 | Crear | Villager (Male) |
| 6:25 | Crear | Villager (Male) |
| 6:25 | Crear | Villager (Male) |
| 6:41 | Construir | House |
| 6:42 | Construir | House |
Build order — ektum_inside
46 acciones detectadas en el replay
| 0:40 | Construir | House |
| 0:42 | Construir | House |
| 0:49 | Crear | Villager (Male) |
| 0:52 | Investigar | Double-Bit Axe |
| 0:57 | Construir | Mill |
| 1:05 | Construir | Mining Camp |
| 1:11 | Crear | Spearman |
| 1:11 | Crear | Spearman |
| 1:25 | Construir | Gate |
| 1:32 | Crear | Villager (Male) |
| 1:32 | Crear | Villager (Male) |
| 1:36 | Construir | Farm |
| 1:38 | Investigar | Horse Collar |
| 1:52 | Crear | Villager (Male) |
| 1:52 | Crear | Villager (Male) |
| 2:01 | Construir | House |
| 2:02 | Construir | House |
| 2:32 | Construir | Gate |
| 2:35 | Construir | House |
| 2:36 | Construir | Stone Wall |
| 3:10 | Construir | Stone Wall |
| 3:11 | Construir | Stone Wall |
| 3:13 | Construir | Stone Wall |
| 3:18 | Crear | Villager (Male) |
| 3:18 | Crear | Villager (Male) |
| 3:21 | Investigar | Stone Mining |
| 3:34 | Construir | Farm |
| 3:38 | Crear | Villager (Male) |
| 4:06 | Construir | Stable |
| 4:12 | Crear | Villager (Male) |
| 4:28 | Investigar | Scale Barding Armor |
| 4:29 | Investigar | Forging |
| 4:31 | Crear | Villager (Male) |
| 4:31 | Crear | Villager (Male) |
| 5:12 | Construir | Gate |
| 5:15 | Construir | Stone Wall |
| 5:21 | Crear | Scout Cavalry ×3 |
| 5:46 | Construir | Farm |
| 5:48 | Construir | Farm |
| 5:49 | Construir | Farm |
| 5:53 | Construir | Farm |
| 5:54 | Construir | Farm |
| 6:08 | Crear | Villager (Male) |
| 6:08 | Crear | Villager (Male) |
| 6:40 | Crear | Spearman ×5 |
| 6:43 | Investigar | Gold Mining |
Build order — Poster3542
98 acciones detectadas en el replay
| 0:04 | Crear | Villager (Male) |
| 0:05 | Crear | Villager (Male) |
| 0:06 | Crear | Villager (Male) |
| 0:06 | Crear | Villager (Male) |
| 0:12 | Crear | Militia |
| 0:13 | Crear | Militia |
| 0:13 | Crear | Militia |
| 0:31 | Construir | Mill |
| 0:36 | Crear | Militia |
| 0:36 | Crear | Militia |
| 0:36 | Crear | Militia |
| 0:36 | Crear | Militia |
| 0:44 | Construir | House |
| 0:45 | Construir | House |
| 0:48 | Construir | Palisade Wall |
| 0:52 | Construir | House |
| 1:09 | Crear | Villager (Male) |
| 1:14 | Investigar | Man-at-Arms (upgrade) |
| 1:25 | Investigar | Scale Mail Armor |
| 1:25 | Investigar | Scale Mail Armor |
| 1:25 | Investigar | Scale Mail Armor |
| 1:38 | Crear | Villager (Male) |
| 1:40 | Crear | Militia |
| 1:51 | Crear | Villager (Male) |
| 2:07 | Construir | House |
| 2:08 | Construir | House |
| 2:12 | Investigar | Double-Bit Axe |
| 2:19 | Crear | Villager (Male) |
| 2:21 | Crear | Militia |
| 2:21 | Crear | Militia |
| 2:34 | Construir | Barracks |
| 2:37 | Crear | Militia |
| 2:37 | Crear | Militia |
| 2:46 | Construir | Farm |
| 2:51 | Construir | Farm |
| 2:54 | Crear | Militia |
| 2:54 | Crear | Militia |
| 2:55 | Crear | Militia |
| 3:01 | Crear | Villager (Male) |
| 3:17 | Crear | Militia |
| 3:17 | Crear | Militia |
| 3:17 | Crear | Militia |
| 3:36 | Crear | Militia |
| 3:37 | Crear | Militia |
| 3:37 | Crear | Militia |
| 3:58 | Investigar | Forging |
| 4:02 | Crear | Militia |
| 4:02 | Crear | Militia |
| 4:08 | Construir | Farm |
| 4:09 | Construir | Farm |
| 4:10 | Construir | Farm |
| 4:11 | Construir | Farm |
| 4:13 | Crear | Militia |
| 4:13 | Crear | Militia |
| 4:13 | Crear | Militia |
| 4:25 | Crear | Militia |
| 4:25 | Crear | Militia |
| 4:26 | Crear | Militia |
| 4:32 | Crear | Militia |
| 4:32 | Crear | Militia |
| 4:38 | Crear | Villager (Male) |
| 4:47 | Crear | Militia |
| 4:48 | Crear | Militia |
| 4:48 | Crear | Militia |
| 4:56 | Crear | Villager (Male) |
| 4:56 | Crear | Villager (Male) |
| 4:56 | Crear | Villager (Male) |
| 5:18 | Crear | Militia |
| 5:18 | Crear | Militia |
| 5:19 | Crear | Militia |
| 5:23 | Crear | Militia |
| 5:23 | Crear | Militia |
| 5:37 | Crear | Villager (Male) |
| 5:37 | Crear | Villager (Male) |
| 5:39 | Crear | Militia |
| 5:42 | Construir | Farm |
| 5:46 | Crear | Militia |
| 5:47 | Crear | Militia |
| 5:59 | Construir | Farm |
| 6:00 | Crear | Militia |
| 6:00 | Crear | Militia |
| 6:02 | Construir | Farm |
| 6:07 | Crear | Militia |
| 6:07 | Crear | Militia |
| 6:07 | Crear | Militia |
| 6:14 | Crear | Militia |
| 6:14 | Crear | Militia |
| 6:24 | Crear | Militia |
| 6:31 | Crear | Villager (Male) |
| 6:31 | Crear | Villager (Male) |
| 6:35 | Construir | Farm |
| 6:43 | Crear | Militia |
| 6:43 | Crear | Militia |
| 6:47 | Construir | Farm |
| 6:51 | Investigar | Horse Collar |
| 6:52 | Construir | Farm |
| 7:00 | Crear | Villager (Male) |
| 7:11 | Crear | Villager (Male) |
Cronología de la partida
| 0:48 | Poster3542 · wall_segment Palisade Wall x1 |
| 1:04 | Terminally Chill · first_building Stable |
| 1:08 | Mate I'm Still Pinging · first_building Barracks |
| 1:35 | GranateCampeón · wall_segment Palisade Wall x1 |
| 1:36 | GranateCampeón · wall_segment Palisade Wall x1 |
| 1:37 | GranateCampeón · wall_segment Palisade Wall x1 |
| 1:43 | GranateCampeón · wall_segment Palisade Wall x6 |
| 1:49 | Listiger RATIO · first_building Barracks |
| 1:56 | GranateCampeón · wall_segment Stone Wall x1 |
| 2:34 | Poster3542 · first_building Barracks |
| 2:36 | ektum_inside · wall_segment Stone Wall x1 |
| 2:59 | GranateCampeón · first_building Archery Range |
| 3:10 | ektum_inside · wall_segment Stone Wall x1 |
| 3:11 | ektum_inside · wall_segment Stone Wall x1 |
| 3:13 | ektum_inside · wall_segment Stone Wall x1 |
| 3:56 | GranateCampeón · wall_segment Stone Wall x1 |
| 4:06 | ektum_inside · first_building Stable |
| 5:15 | ektum_inside · wall_segment Stone Wall x1 |
| 6:08 | GranateCampeón · wall_segment Stone Wall x1 |
| 6:49 | Listiger RATIO · resign |
[ ANÁLISIS IA · 1 CRÉDITO ]
¿Qué pasó realmente en esta partida?
Wolo.gg analiza cada decisión: build order, eco, micro, errores típicos por bracket. Análisis personalizado por WhatsApp o Discord en 30 segundos.
Guía civ
Japoneses
Perfil
Jugador #990942